Map: Ruby Rock LE

Players

BabyMarine - Winner!

  • Race: Terran Terran
  • Spawn Location: 5:00

LetaleX

  • Race: Protoss Protoss
  • League: Grandmaster
  • Spawn Location: 11:00

VOD

Have the link to the VOD?

Description

Time

  • Played on: Jan. 31, 2026, 2:05 p.m.
  • Length: 10:58
Show
View Real Time Build Order
Export as new Build Order

BabyMarine Terran - Winner!

Build Orders:  

Get SALT Encoding   

  12  0:00  SCV  
  13  0:12  SCV  
  14  0:17  Supply Depot  
  14  0:24  SCV  
  15  0:39  SCV  
  15  0:40  Barracks  
  15  0:42  Refinery  
  16  0:51  SCV  
  16  0:52  Refinery  
  17  1:03  SCV  
  18  1:15  SCV  
  19  1:26  Reaper  
  19  1:27  Orbital Command  
  19  1:29  Supply Depot  
  20  1:40  Factory  
  20  1:53  SCV  
  21  1:59  Reaper  
  22  2:05  SCV  
  23  2:16  Command Center  
  23  2:20  SCV  
  24  2:24  Hellion  
  26  2:31  Reaper  
  26  2:32  Supply Depot  
  26  2:36  SCV  
  28  2:47  Hellion  
  28  2:49  Starport  
  28  2:51  SCV  
  31  3:03  Barracks Reactor  
  31  3:04  SCV  
  32  3:09  Widow Mine  
  34  3:16  SCV  
  35  3:26  Medivac  
  37  3:29  Orbital Command  
  37  3:30  Widow Mine  
  37  3:31  SCV  
  40  3:42  Marine  
  40  3:43  Marine  
  40  3:47  SCV  
  43  3:51  Factory Tech Lab  
  43  3:54  Barracks  
  43  3:56  SCV  
  43  4:00  Marine x2, Starport Tech Lab  
  43  4:01  SCV  
  47  4:08  Supply Depot, SCV, Bunker  
  48  4:11  Siege Tank  
  48  4:16  SCV  
  52  4:19  Marine x2  
  52  4:23  Supply Depot  
  54  4:30  SCV, Raven  
  57  4:32  Supply Depot  
  57  4:34  SCV  
  57  4:38  Marine x2  
  58  4:42  SCV  
  59  4:46  SCV  
  52  4:53  Siege Tank  
  52  4:54  Barracks Tech Lab  
  52  4:55  Barracks  
  52  4:56  SCV, Marine x2  
  52  4:59  SCV  
  58  5:01  Supply Depot  
  58  5:08  SCV  
  58  5:10  Starport Reactor  
  58  5:12  Engineering Bay  
  58  5:13  Marine  
  58  5:14  Marine x2  
  60  5:18  Stimpack  
  60  5:20  Refinery  
  62  5:24  SCV x2  
  62  5:27  Supply Depot  
  64  5:31  Marine  
  64  5:32  Marine x2  
  67  5:36  SCV  
  67  5:41  Factory Reactor  
  67  5:42  SCV  
  63  5:49  Marauder  
  65  5:51  SCV  
  65  5:54  SCV  
  65  5:57  Combat Shield  
  67  5:58  Marine x2, Marauder  
  67  6:02  Refinery  
  71  6:09  Command Center  
  71  6:11  Marauder  
  73  6:15  Terran Infantry Weapons Level 1, Barracks  
  73  6:16  Marine  
  73  6:17  Barracks  
  74  6:19  Marine  
  77  6:26  Marauder, SCV x2  
  77  6:29  Widow Mine x2  
  83  6:34  Medivac  
  83  6:37  Marine x2  
  83  6:38  Marauder  
  90  6:40  SCV  
  90  6:43  Supply Depot  
  90  6:49  Marauder  
  90  6:50  Medivac  
  94  7:02  Supply Depot  
  94  7:04  Marine x2  
  94  7:05  SCV x2, Widow Mine x2  
  94  7:07  Barracks Tech Lab, Barracks Reactor  
  106  7:15  Marauder x2  
  106  7:17  SCV  
  106  7:18  Medivac  
  106  7:19  Supply Depot  
  109  7:22  Marine  
  109  7:23  Marine  
  109  7:25  Medivac  
  109  7:27  Marauder  
  109  7:28  SCV  
  116  7:32  Concussive Shells  
  116  7:33  Widow Mine  
  118  7:39  Marine  
  118  7:40  Marauder, Marine  
  118  7:41  SCV  
  120  7:46  Marine  
  120  7:48  Marauder  
  120  7:49  Widow Mine  
  113  7:54  SCV  
  113  7:55  Marine  
  113  7:58  Marauder  
  111  8:01  Widow Mine  
  102  8:07  Marauder, Marine  
  102  8:09  Marauder  
  102  8:10  Widow Mine, Orbital Command  
  109  8:16  Marine  
  109  8:18  SCV x2  
  109  8:19  Marauder  
  114  8:24  Marine  
  114  8:25  Marine  
  116  8:28  Marine  
  116  8:29  Marauder  
  116  8:31  Marauder  
  116  8:33  Widow Mine x2  
  116  8:34  Marine  
  126  8:37  Terran Infantry Armor Level 1  
  126  8:40  SCV  
  127  8:42  Marine  
  127  8:43  Marine, Marauder  
  127  8:46  Marine  
  127  8:48  SCV x2  
  131  8:49  Marine  
  131  8:51  Marine  
  131  8:52  Marine  
  131  8:53  SCV  
  133  9:00  Supply Depot, Marine x2  
  133  9:02  Supply Depot  
  134  9:04  Marine, Marauder  
  134  9:08  Marauder  
  134  9:09  Marine x2  
  131  9:13  Viking  
  131  9:18  Marine, SCV x2  
  134  9:25  Marine x2  
  134  9:26  Marauder  
  134  9:28  Marauder, SCV  
  134  9:29  Marauder  
  143  9:36  Armory  
  141  9:40  Command Center  
  141  9:47  Supply Depot x2, Marine x2, SCV, Marauder  
  141  9:49  Marauder  
  141  9:51  Marauder, Refinery  
  141  9:52  Refinery  
  147  10:00  SCV x2  
  147  10:03  Missile Turret  
  147  10:04  Factory Reactor  
  149  10:08  Medivac x2  
  149  10:11  Starport  
  149  10:12  Bunker  
  149  10:13  Marauder  
  149  10:14  Marauder x2  
  159  10:17  Marine x2, Engineering Bay  
  161  10:29  Marine x2  
  161  10:35  Marauder x2  
  166  10:36  Marine x2  
  166  10:41  SCV  
  152  10:43  SCV  
Show
View Real Time Build Order
Export as new Build Order

LetaleX Protoss 

Build Orders: 1 Gate Expand, Phoenix Opening, Blink Stalkers 

Get SALT Encoding   

  12  0:00  Probe  
  13  0:12  Probe  
  14  0:17  Pylon  
  14  0:24  Probe  
  15  0:32  Probe  
  15  0:36  Gateway  
  15  0:40  Probe  
  16  0:45  Assimilator  
  17  0:51  Probe  
  18  1:03  Probe  
  19  1:15  Probe  
  20  1:21  Nexus  
  20  1:30  Cybernetics Core  
  20  1:33  Probe  
  21  1:41  Assimilator  
  21  1:45  Probe  
  22  1:48  Pylon  
  22  1:55  Stalker  
  22  1:56  Probe  
  23  2:04  Probe  
  23  2:07  Warp Gate  
  25  2:12  Probe  
  25  2:14  Shield Battery  
  27  2:23  Phoenix, Sentry  
  27  2:24  Probe  
  30  2:32  Probe  
  31  2:37  Probe  
  31  2:41  Twilight Council  
  32  2:44  Probe  
  32  2:47  Stalker  
  32  2:49  Probe  
  36  2:56  Probe  
  37  2:59  Blink  
  37  3:01  Probe  
  37  3:03  Gateway  
  38  3:09  Probe  
  39  3:13  Probe  
  39  3:16  Gateway  
  40  3:22  Probe  
  41  3:27  Pylon, Probe  
  42  3:34  Probe  
  42  3:40  Probe  
  44  3:44  Phoenix  
  44  3:46  Probe  
  45  3:52  Probe  
  45  3:54  Pylon  
  46  3:55  Stalker  
  46  3:58  Stalker, Probe  
  51  4:04  Probe  
  52  4:10  Nexus, Probe  
  52  4:13  Pylon  
  52  4:16  Probe  
  52  4:17  Stalker  
  56  4:22  Robotics Facility  
  56  4:23  Probe  
  57  4:38  Probe  
  57  4:40  Stalker x2  
  57  4:41  Stalker  
  54  4:46  Probe  
  54  4:51  Probe  
  54  4:58  Probe  
  55  5:03  Probe  
  55  5:06  Phoenix  
  56  5:10  Probe  
  57  5:15  Probe  
  57  5:19  Gateway  
  58  5:21  Charge, Gateway  
  58  5:22  Probe x2  
  58  5:27  Probe  
  61  5:34  Probe x2  
  63  5:39  Probe  
  58  5:44  Stalker  
  58  5:45  Stalker, Probe x2  
  58  5:46  Shield Battery  
  64  5:51  Probe, Phoenix  
  64  5:53  Probe x2  
  64  5:54  Gateway  
  64  6:01  Probe  
  64  6:02  Probe  
  64  6:03  Gateway, Forge, Probe  
  67  6:06  Gateway  
  67  6:09  Pylon  
  69  6:13  Probe  
  69  6:14  Observer  
  69  6:16  Probe  
  72  6:21  Zealot x3  
  72  6:22  Pylon  
  78  6:26  Pylon  
  78  6:32  Zealot x2  
  83  6:35  Protoss Ground Weapons Level 1  
  82  6:41  Nexus  
  82  6:45  Zealot x3  
  88  6:53  Probe  
  88  6:54  Probe  
  90  6:56  Pylon  
  90  6:57  Zealot x2  
  90  6:58  Zealot  
  90  6:59  Probe  
  97  7:05  Probe, Pylon  
  97  7:06  Probe  
  99  7:09  Stalker x2  
  103  7:19  Stalker  
  103  7:20  Stalker x3  
  111  7:30  Zealot x2  
  111  7:34  Zealot x2  
  123  7:37  Warp Prism  
  123  7:38  Pylon  
  113  7:49  Zealot x4  
  105  7:55  Stalker x4  
  105  7:57  Probe  
  98  8:01  Stalker x2  
  92  8:10  Pylon  
  92  8:12  Zealot x3  
  98  8:13  Probe  
  98  8:17  Pylon  
  98  8:18  Probe  
  98  8:19  Probe  
  100  8:20  Probe  
  100  8:22  Protoss Ground Armor Level 1  
  100  8:25  Probe  
  100  8:26  Probe  
  99  8:28  Robotics Bay  
  99  8:29  Zealot x3  
  99  8:31  Probe  
  99  8:33  Probe  
  99  8:34  Zealot x3  
  114  8:37  Probe  
  114  8:38  Zealot  
  103  8:48  Zealot  
  103  8:51  Zealot x3  
  103  8:54  Probe  
  104  9:02  Zealot x4  
  100  9:11  Colossus  
  90  9:20  Zealot x4  
  90  9:24  Zealot x4  
  106  9:25  Probe  
  106  9:29  Pylon  
  106  9:49  Zealot x8  
  118  9:53  Probe  
  118  9:55  Probe  
  120  10:00  Colossus  
  120  10:01  Nexus  
  120  10:05  Forge  
  120  10:12  Probe  
  127  10:14  Probe  
  126  10:23  Zealot x3  
  132  10:35  Zealot  
  110  10:44  Zealot x7  
Tags
 
Add a new tag
Caveats
  • Supply blocks, unpowered buildings, or Contaminate may cause inaccurate times.
  • Supply counts are checked every 10 seconds.